 Dungeon Crawl Stone Soup version 0.25.0-9-g26727b657a (webtiles) character file.

Game seed: 13461819454194868335

1050 Fv001 the Shield-Bearer (level 8, -8/61 HPs)
             Began as a Demonspawn Fighter on June 17, 2020.
             Was a Follower of Qazlal.
             Mangled by a balrug
             ... wielding a +0 demon whip
             ... created by the fury of Makhleb
              (22 damage)
             ... on level 6 of the Dungeon.
             The game lasted 00:19:29 (5078 turns).

Fv001 the Shield-Bearer (Demonspawn Fighter)        Turns: 5078, Time: 00:19:30

Health: -8/61      AC: 21    Str: 16    XL:     8   Next: 5%
Magic:  8/8        EV:  4    Int: 10    God:    Qazlal [*.....]
Gold:   182        SH: 11    Dex: 15    Spells: 7/7 levels left

rFire    . . .     SeeInvis .   a - +1 war axe (distort)
rCold    . . .     Gourm    .   c - +0 kite shield
rNeg     . . .     Faith    .   v - +0 plate armour
rPois    .         Spirit   .   l - +0 helmet
rElec    .         Reflect  .   o - +0 cloak
rCorr    .         Harm     .   (no gloves)
MR       .....                  (no boots)
Stlth    ..........             q - amulet of the acrobat
HPRegen  0.20/turn              g - +4 ring of slaying
MPRegen  0.11/turn              w - +4 ring of protection

@: hasted and slowed
A: icy blue scales 2, powered by death 1, powered by pain 2
a: Renounce Religion


You were on level 6 of the Dungeon.
You worshipped Qazlal.
Qazlal was aware of your devotion.
You were not hungry.

You visited 2 branches of the dungeon, and saw 7 of its levels.

You collected 402 gold pieces.
You spent 220 gold pieces at shops.

Inventory:

Hand Weapons
 a - a +1 war axe of distortion (weapon)
 i - a +0 flail
Armour
 c - a +0 kite shield (worn)
 l - a +0 helmet (worn)
 o - a +0 cloak (worn)
 v - a +0 plate armour (worn)
Jewellery
 g - a +4 ring of slaying (left hand)
 q - an amulet of the acrobat (around neck)
 w - a +4 ring of protection (right hand)
 x - an uncursed ring of poison resistance
Wands
 j - a wand of iceblast (14)
 m - a wand of disintegration (11)
Scrolls
 b - a scroll of fog
 e - a scroll of amnesia
 h - 4 scrolls of remove curse
 k - 2 scrolls of immolation
 n - 3 scrolls of fear
 s - 5 scrolls of teleportation
 y - a scroll of blinking {unknown}
 B - a scroll of enchant armour {unknown}
Potions
 p - a potion of brilliance {unknown}
 r - a potion of curing
 t - a potion of magic {unknown}
 u - a potion of haste
 z - 4 potions of mutation
 A - a potion of stabbing
Comestibles
 d - 5 chunks of flesh
 f - 11 rations


   Skills:
 + Level 4.4 Fighting
 * Level 4.5 Axes
 * Level 5.0 Armour
 + Level 2.6 Dodging
 * Level 5.1 Shields


You had 7 spell levels left.
You didn't know any spells.
Your spell library contained the following spells:

 Spells                   Type           Power        Failure   Level  Hunger
 Animate Skeleton         Necr           N/A          100%        1    ##.....
 Apportation              Tloc           #.....       100%        1    ##.....
 Corona                   Hex            #......      100%        1    ##.....
 Summon Small Mammal      Summ           #...         100%        1    ##.....
 Ensorcelled Hibernation  Hex/Ice        #.....       100%        2    ###....
 Confusing Touch          Hex            #.......     100%        3    ####...
 Dazzling Flash           Conj/Hex       #.....       100%        3    ####...
 Tukima's Dance           Hex            #.......     100%        3    ####...
 Summon Lightning Spire   Summ/Air       #.......     100%        4    #####..
 Silence                  Hex/Air        #.........   100%        5    ######.
 Conjure Ball Lightning   Conj/Air       #.........   100%        6    #######
 Tornado                  Air            #.........   100%        9    #######


Dungeon Overview and Level Annotations

Branches:
Dungeon (6/15)             Temple (1/1) D:4

Altars:
Cheibriados
Dithmenos
Gozag
Hepliaklqana
Kikubaaqudgha
Makhleb
Nemelex Xobeh
Okawaru
Qazlal
Ru
Sif Muna
Trog
Uskayaw
Wu Jian
Yredelemnul
Zin

Shops:
D:4 *


Innate Abilities, Weirdness & Mutations

You are mostly covered in icy blue scales. (AC +3)
You regenerate a little health from kills.
You sometimes gain power by taking damage.


Message History

The balrug is lightly wounded.
The balrug hits you with a +0 demon whip.
You are engulfed in flames!!
Unknown command.
You slash the balrug!
Space bends around the balrug.
The balrug is moderately wounded.
The balrug gestures at you. The bolt of fire misses you.
The balrug gestures at you.
The fireball explodes!
The fireball engulfs you!
* * * LOW HITPOINT WARNING * * *
The fireball engulfs the balrug.
The balrug completely resists.
You feel better. The balrug gestures at you. The sticky flame misses you.
You feel better.
The balrug hits you with a +0 demon whip!
* * * LOW HITPOINT WARNING * * *
You are engulfed in flames!!
You die...

###.# #.....# #.## #.#
##.#.#.#### #..# #.#
#..#.#....# ##.# #.##
##.##......# ##.##
#..###..##.###### #...#
##......#.)# #...#
#.........# #...#
####...(..#..########...#
...............2@...)...#
######).)#.##########...#
#..###.# #...# #####.##
#.# #...# ......# #.#
##### ####### #.# # ###


You could see a balrug.

Vanquished Creatures
  An orange demon (D:5)
  A smoke demon (D:5)
  A sky beast (D:5)
  An ice beast (D:5)
  3 bullfrogs
  2 crimson imps
  2 hounds
  A bullfrog zombie (D:5)
  2 orc wizards
  Ijyb (D:5)
  An iguana (D:3)
  2 worker ants (D:4)
  2 hound zombies
  A hound skeleton (D:5)
  Robin (D:2)
  A howler monkey skeleton (D:6)
  4 gnolls (D:5)
  9 adders
  A shadow imp (D:5)
  An adder zombie (D:5)
  3 dart slugs
  3 leopard geckos (D:1)
  7 orcs
  8 bats
  4 giant cockroaches
  13 goblins
  5 hobgoblins
  2 quokkas
  A ball python (D:3)
  4 frilled lizards
  7 kobolds
  A quokka skeleton (D:6)
  8 rats
  4 fungi (D:5)
108 creatures vanquished.

Vanquished Creatures (others)
  A sky beast (D:6)
  An adder skeleton (D:6)
  An orc (D:6)
3 creatures vanquished.

Grand Total: 111 creatures vanquished

Notes
Turn   | Place    | Note
-------+----------+-------------------------------------------
     0 | D:1      | Fv001 the Demonspawn Fighter began the quest for the Orb.
     0 | D:1      | Reached XP level 1. HP: 18/18 MP: 1/1
   105 | D:1      | You fall into a shaft and drop 1 floor!
   117 | D:2      | Gained mutation: You regenerate a little health from kills.
                  | [demonic ancestry]
   117 | D:2      | Reached XP level 2. HP: 20/24 MP: 2/2
   193 | D:2      | Noticed Robin
   203 | D:2      | Killed Robin
   203 | D:2      | Gained mutation: You are partially covered in icy blue
                  | scales. (AC +2) [demonic ancestry]
   203 | D:2      | Reached XP level 3. HP: 29/29 MP: 3/3
  1048 | D:1      | Reached XP level 4. HP: 35/35 MP: 4/4
  1699 | D:3      | Noticed a bullfrog
  1702 | D:3      | Killed a bullfrog
  1702 | D:3      | Reached skill level 1 in Dodging
  1702 | D:3      | Gained mutation: You sometimes gain a little power by
                  | taking damage. [demonic ancestry]
  1702 | D:3      | Reached XP level 5. HP: 40/41 MP: 5/5
  2721 | D:4      | Found an iron altar of Okawaru.
  2759 | D:4      | Reached XP level 6. HP: 48/48 MP: 6/6
  2879 | D:4      | Found Nuiheh's Assorted Antiques.
  2890 | D:4      | Bought a scroll of identify for 44 gold pieces
  2890 | D:4      | Bought 3 scrolls of identify for 132 gold pieces
  2890 | D:4      | Bought a scroll of identify for 44 gold pieces
  3087 | D:4      | Found a staircase to the Ecumenical Temple.
  3127 | Temple   | Entered the Ecumenical Temple
  3231 | Temple   | Became a worshipper of Makhleb the Destroyer
  3274 | Temple   | Fell from the grace of Makhleb
  3274 | Temple   | Became a worshipper of Qazlal Stormbringer
  3513 | D:5      | Entered Level 5 of the Dungeon
  3554 | D:5      | Noticed an orange demon
  3569 | D:5      | Killed an orange demon
  3609 | D:5      | Noticed an ice beast
  3621 | D:5      | Killed an ice beast
  3798 | D:5      | Gained mutation: You sometimes gain power by taking damage.
                  | [demonic ancestry]
  3798 | D:5      | Reached XP level 7. HP: 53/53 MP: 7/7
  3816 | D:5      | Noticed Ijyb
  3829 | D:5      | Killed Ijyb
  4130 | D:5      | Noticed a smoke demon
  4132 | D:5      | Killed a smoke demon
  4848 | D:6      | Reached * piety under Qazlal
  4848 | D:6      | Reached skill level 5 in Shields
  4850 | D:6      | Reached skill level 5 in Armour
  4925 | D:6      | Gained mutation: You are mostly covered in icy blue scales.
                  | (AC +3) [demonic ancestry]
  4925 | D:6      | Reached XP level 8. HP: 59/61 MP: 8/8
  5073 | D:6      | Noticed a balrug
  5078 | D:6      | Mangled by a balrug

Illustrated notes

Levels and vault maps discovered:
D:1:      tarquinn_simple_flora_water_b, layout_loops_cross
D:2:      layout_basic, uniq_robin
D:3:      layout_loops_corners, minmay_misc_feat_more_columns,
          minmay_misc_feat_square
D:4:      layout_cave_pods, okawaru_ov_weapons_minmay,
          minmay_temple_entry_junction_2, serial_shops, shop_fountains
D:5:      layout_rooms, first_ration, water_boxes_lemuel, uniq_ijyb
D:6:      layout_rooms
Temple:   roderic_octagonal_lattice_temple

Skill      XL: |  1  2  3  4  5  6  7 |
---------------+----------------------+-----
Axes           | 2 3 4 |  4.5
Shields        | 3 4 5 |  5.1
Armour         | 3 4 5 |  5.0
Dodging        | 1 2 |  2.6
Fighting       | 4 |  4.4

Action                   |  1- 3 |  4- 6 |  7- 9 || total
-------------------------+-------+-------+-------++-------
Melee: War axe           |    84 |   133 |    84 ||   301
Evoke: Wand              |       |     4 |     1 ||     5
  Use: Scroll            |       |    13 |     1 ||    14
       Potion            |       |     4 |     5 ||     9
 Stab: Invisible         |       |     1 |       ||     1
  Eat: Chunk             |     1 |     8 |     1 ||    10
       Ration            |       |       |     1 ||     1
Armor: Scale mail        |    46 |    14 |       ||    60
       Plate armour      |       |    83 |    53 ||   136
Dodge: Dodged            |    31 |    33 |    21 ||    85
Block: Kite shield       |    48 |    61 |    30 ||   139
